 Dungeon Sprint DCSS version 0.29-a0-757-g358383bc75 (webtiles) character file.

Game seed: 16979079370610724955

804 wilfster70 the Grappler (level 7, -7/76 HPs)
             Began as a Troll Fighter on June 30, 2022.
             Was a Priest of Qazlal.
             Mangled by a merfolk
             ... wielding a +0 trident
              (13 damage)
             ... in the Dungeon (Sprint V: "Ziggurat Sprint").
             The game lasted 00:02:30 (250 turns).

wilfster70 the Grappler (Troll Fighter)              Turns: 250, Time: 00:02:30

Health: -7/76      AC: 19    Str: 37    XL:     7   Next: 60%
Magic:  11/11      EV: -1    Int:  6    God:    Qazlal [***...]
Gold:   0          SH: 31    Dex:  9    Spells: 6/6 levels left

rFire   + . .      SeeInvis .     - Unarmed
rCold   + . .      Faith    .   b - +18 shield of the Gong {rElec rN+ Will+ EV-5}
rNeg    + . .      Spirit   .   a - +5 gold dragon scales
rPois   +          Reflect  .   (helmet restricted)
rElec   +          Harm     .   (no cloak)
rCorr   .          Rampage  .   (gloves unavailable)
Will    +....      NoTele   +   (boots unavailable)
Stlth   ..........              (no amulet)
HPRegen 1.02/turn               o - +6 ring of strength
MPRegen 0.12/turn               p - +6 ring of strength

@: hasted, very quick
A: large, unfitting armour, claws 3, regeneration 1, shaggy fur 1, tough skin 1
a: Renounce Religion, Upheaval, Elemental Force


You were in the Dungeon.
You worshipped Qazlal.
Qazlal was most pleased with you.
You visited 1 branch

Inventory:

Armour
 a - +5 gold dragon scales (worn)
 b - the +18 shield of the Gong (worn) {rElec rN+ Will+ EV-5}
   (You found it in the Dungeon)

   It is deafeningly noisy when blocking attacks.
   EV:        It affects your evasion (-5).
   rElec:     It insulates you from electricity.
   rN:        It protects you from negative energy.
   Will:      It increases your willpower.
Jewellery
 o - a +6 ring of strength (left claw)
 p - a +6 ring of strength (right claw)
Wands
 q - a wand of mindburst (7)
 s - a wand of light (7)
 z - a wand of iceblast (7)
Scrolls
 i - 4 scrolls of blinking
 r - 5 scrolls of identify
 x - 4 scrolls of amnesia
 y - 7 scrolls of fog
 A - 2 scrolls of fear
Potions
 c - 6 potions of might
 d - 10 potions of curing
 e - 14 potions of heal wounds
 f - 5 potions of haste
 g - 7 potions of magic
 h - 3 potions of berserk rage
 t - 2 potions of brilliance
 u - 2 potions of invisibility
 v - 4 potions of resistance
Miscellaneous
 w - a condenser vane


   Skills:
 + Level 6.8 Fighting
 - Level 3.6 Dodging
 + Level 7.5 Shields
 * Level 10.5 Unarmed Combat
 + Level 6.8 Invocations


You had 6 spell levels left.
You didn't know any spells.
Your spell library contained the following spells:

 Spells                   Type           Power      Damage    Failure   Level
 Swiftness                Air            0%         N/A       100%        3
 Olgreb's Toxic Radiance  Pois           0%         N/A       100%        4
 Eringya's Noxious Bog    Tmut/Pois      0%         N/A       100%        6


Dungeon Overview and Level Annotations

Branches:
Dungeon (1/1)

Altars:
Ashenzari
Cheibriados
Dithmenos
Elyvilon
Fedhas
Gozag
Hepliaklqana
Kikubaaqudgha
Makhleb
Nemelex Xobeh
Okawaru
Qazlal
Ru
Sif Muna
Trog
Uskayaw
Vehumet
Wu Jian
Xom
Yredelemnul
Zin
The Shining One
Beogh
Jiyva
Lugonu

Annotations:
D 1 transporter


Innate Abilities, Weirdness & Mutations

You are too large for most types of armour.
You have claws for hands.
Your natural rate of healing is unusually fast.
You are covered in fur. (AC +1)
You have tough skin. (AC +1)


Message History

BONNNG!
You block the merfolk's attack.
SHROANNG!
You are too injured to fight recklessly!
You are too injured to fight recklessly!
You completely miss the merfolk. You block the merfolk's attack.
PTOANNNG!
You block the merfolk's attack.
PTOANNNG!
You block the merfolk's attack.
BOUMMMMG!
The merfolk hits you with a +0 trident.
The merfolk hits you but does no damage.
You closely miss the merfolk. You block the merfolk's attack.
PTOANNNG!
You block the merfolk's attack.
GONNNNG!
The merfolk hits you from afar with a +0 trident!
* * * LOW HITPOINT WARNING * * *
You block the merfolk's attack.
GONNNNG!
The merfolk is struck by lightning.
The merfolk hits you but does no damage.
You mangle the merfolk!!
The merfolk is heavily wounded.
The merfolk is struck by lightning.
You block the merfolk's attack.
BOUMMMMG!
You block the merfolk's attack.
GONNNNG!
The merfolk hits you but does no damage.
The merfolk hits you from afar with a +0 trident!
* * * LOW HITPOINT WARNING * * *
The merfolk hits you with a +0 trident.
* * * LOW HITPOINT WARNING * * *
You feel yourself speed up.
The merfolk hits you but does no damage.
You block the merfolk's attack.
GONNNNG!
The merfolk hits you with a +0 trident!
You die...

▓.....▓.....▓.†...▓
▓.....▓.....▓..©..▓
▓..©..▓..©..▓▓▓▓▓▓▓
▓▓▓▓▓▓▓▓▓▓▓▓▓▓▓▓▓▓▓
▓..8©8...▓..8©8...▓
▓..?|)...▓..):}...▓
▓...|....▓..)m)...▓
▓........▓.mmmm...▓
▓..))....▓..@○....▓
▓..).)...▓........▓
▓...©....▓...©....▓
▓▓▓▓▓▓▓▓▓▓▓▓▓▓▓▓▓▓▓


You could see 5 merfolk.

Vanquished Creatures
  A death scarab (D)
  A crimson imp (D)
  2 quasits (D)
  2 orc priests (D)
  An iron imp (D)
  An orc wizard (D)
  2 shadow imps (D)
  An orc (D)
  A ball python simulacrum (D)
  A ball python zombie (D)
13 creatures vanquished.

Notes
Turn   | Place    | Note
-------+----------+-------------------------------------------
     0 | D        | wilfster70 the Troll Fighter began the quest for the Orb.
     0 | D        | Reached XP level 1. HP: 22/22 MP: 0/0
     3 | D        | Banished a spatial maelstrom
    22 | D        | Found a blossoming altar of Fedhas.
    22 | D        | Found the +6 Majin-Bo {vamp, MP+6 Int+6}
    22 | D        | Found the +9 heavy crossbow "Sniper" {vorpal, Acc+∞ SInv}
    22 | D        | Found the +10 dark maul {vorpal}
    22 | D        | Found the +15 Maxwell's patent armour {-Cast -Tele rElec
                  | Will+ rCorr}
    22 | D        | Found the +18 shield of the Gong {rElec rN+ Will+ EV-5}
    22 | D        | Found the +14 obsidian axe {vorpal, Mesm Drain Fly SInv}
    22 | D        | Found the +7 great mace "Firestarter" {inner flame, rF++}
    22 | D        | Found the +6 shillelagh "Devastator" {shatter}
    22 | D        | Found the +11 plutonium sword {Contam Stlth-}
    22 | D        | Found the +8 lance "Wyrmbane" {slay drac, rPois rF+ rC+
                  | AC+3}
    22 | D        | Found the +9 sword of Zonguldrok {reap}
    22 | D        | Found the +13 scythe of Curses {drain, Drain}
    22 | D        | Found the +5 sword of Power {vorpal}
    22 | D        | Found the +7 mace of Variability {chain chaos}
    22 | D        | Found the +7 Singing Sword {vorpal, sonic wave}
    22 | D        | Found the +8 storm bow {elec, penet}
    23 | D        | Found a transporter.
    23 | D        | Found a viscous altar of Jiyva.
    23 | D        | Found an ancient bone altar of Kikubaaqudgha.
    23 | D        | Found a hazy altar of Hepliaklqana.
    23 | D        | Found a corrupted altar of Lugonu.
    23 | D        | Found an opulent altar of Gozag.
    23 | D        | Found a burning altar of Makhleb.
    27 | D        | Found a stormy altar of Qazlal.
    27 | D        | Found an iron altar of Okawaru.
    27 | D        | Found a sacrificial altar of Ru.
    27 | D        | Found a sparkling altar of Nemelex Xobeh.
    27 | D        | Found a shimmering blue altar of Sif Muna.
    27 | D        | Found a bloodstained altar of Trog.
    80 | D        | Became a worshipper of Qazlal Stormbringer
    83 | D        | Reached skill level 3 in Unarmed Combat
    83 | D        | Reached XP level 2. HP: 31/31 MP: 0/3
    94 | D        | Entered arena 2.
    94 | D        | Noticed a death scarab
    94 | D        | Found a transporter.
   109 | D        | Killed a death scarab
   110 | D        | Reached skill level 9 in Unarmed Combat
   110 | D        | Reached XP level 3. HP: 23/45 MP: 2/6
   110 | D        | Reached XP level 4. HP: 27/53 MP: 2/7
   110 | D        | Reached XP level 5. HP: 31/61 MP: 2/8
   110 | D        | Reached XP level 6. HP: 35/68 MP: 2/9
   110 | D        | Reached XP level 7. HP: 39/76 MP: 2/10
   111 | D        | Got the Catalogue of Aerial Toxins
   173 | D        | Entered arena 3.
   173 | D        | Found a transporter.
   177 | D        | Reached * piety under Qazlal
   195 | D        | Entered arena 4.
   195 | D        | Found a transporter.
   202 | D        | Reached ** piety under Qazlal
   204 | D        | Reached skill level 10 in Unarmed Combat
   209 | D        | Reached *** piety under Qazlal
   224 | D        | Entered arena 5.
   224 | D        | Found a transporter.
   243 | D        | Entered arena 6.
   243 | D        | Noticed a merfolk
   243 | D        | Noticed a merfolk
   243 | D        | Noticed a merfolk
   243 | D        | Noticed a merfolk
   243 | D        | Noticed a merfolk
   243 | D        | Found a transporter.
   250 | D        | Mangled by a merfolk

Illustrated notes

Levels and vault maps discovered:
D:        sprint_v [room_start, room_1, room_2, room_3, room_4, room_5, room_6,
          room_7, room_8, room_9, room_10, room_11, room_12, room_13, room_14,
          room_15, room_16, room_17, room_18, room_19, room_20, room_21,
          room_22, room_23, room_24, room_25, room_26, room_27]

Skill      XL: |  1  2  3  4  5  6  7 |
---------------+----------------------+-----
Fighting       | 3 6 |  6.8
Dodging        | 3 |  3.6
Shields        | 4 7 |  7.5
Unarmed Combat | 3 9 10 | 10.5
Invocations    | 2 6 |  6.8

Action                   |  1- 3 |  4- 6 |  7- 9 || total
-------------------------+-------+-------+-------++-------
Melee: Unarmed           |    12 |       |    33 ||    45
  Use: Potion            |     1 |       |     1 ||     2
Armor: Gold dragon scale |     2 |       |    26 ||    28
Block: Kite shield       |    16 |       |    68 ||    84

Table legend: (Time is in decaauts)
 A = Elapsed time spent in this place.
 B = Non-inter-level travel time spent in this place.
 C = Inter-level travel time spent in this place.
 D = Time resting spent in this place.
 E = Time spent auto-exploring this place.
 F = Levels seen in this place.
 G = Mean time per level.
                   A        B        C        D        E       F      G
               +--------+--------+--------+--------+--------+-----+--------+
         Total |    251 |    251 |      0 |     60 |      0 |   1 |  251.0 |
       Dungeon |    251 |    251 |      0 |     60 |      0 |   1 |  251.0 |
               +--------+--------+--------+--------+--------+-----+--------+

Top non-repeatable levels by time:
       D: 251 daAuts
